 Dungeon Crawl Stone Soup version 0.22-a0-271-gc000056 (webtiles) character file.

1 mhoghedin the Skirmisher (level 1, -6/23 HPs)
             Began as a Gnoll Wanderer on Mar 10, 2018.
             Mangled by a gnoll
             ... wielding a +0 spear
              (9 damage)
             ... on level 1 of the Dungeon.
             The game lasted 00:00:26 (185 turns).

mhoghedin the Skirmisher (Gnoll Wanderer)            Turns: 185, Time: 00:00:27

Health: -6/23      AC:  2    Str: 12    XL:     1   Next: 20%
Magic:  3/3        EV: 13    Int: 15    God:
Gold:   6          SH:  0    Dex: 15    Spells: 0/0 levels left

rFire    . . .     SeeInvis .     - Unarmed
rCold    . . .     Gourm    .   (no shield)
rNeg     . . .     Faith    .   d - +0 robe
rPois    .         Spirit   .   (no helmet)
rElec    .         Reflect  .   (no cloak)
rCorr    .         Harm     .   (no gloves)
MR       .....                  (no boots)
Stlth    +++.......             (no amulet)
HPRegen  0.07/turn              (no ring)
MPRegen  0.08/turn              (no ring)

@: no status effects
A: distributed training, fangs 1, strong nose
a: no special abilities


You were on level 1 of the Dungeon.
You were not hungry.

You visited 1 branch of the dungeon, and saw 1 of its levels.

You collected 6 gold pieces.

Inventory:

Armour
 d - a +0 robe (worn)
Scrolls
 a - a scroll of fear
 b - a scroll of blinking {!r}
 c - 2 scrolls of teleportation
 e - a scroll of identify {unknown}
 g - a scroll of enchant weapon {unknown}
Potions
 h - a potion of haste {unknown}
Comestibles
 f - 2 rations


   Skills:
 + Level 6.4 Fighting
 + Level 0.0 Short Blades
 + Level 0.0 Long Blades
 + Level 0.0 Axes
 + Level 0.0 Maces & Flails
 + Level 0.0 Polearms
 + Level 0.0 Staves
 + Level 0.0 Slings
 + Level 0.0 Bows
 + Level 0.0 Crossbows
 + Level 0.0 Throwing
 + Level 0.0 Armour
 + Level 2.3 Dodging
 + Level 4.0 Stealth
 + Level 0.0 Shields
 + Level 4.4 Unarmed Combat
 + Level 0.0 Spellcasting
 + Level 0.0 Conjurations
 + Level 0.0 Hexes
 + Level 0.0 Charms
 + Level 0.0 Summonings
 + Level 0.0 Necromancy
 + Level 0.0 Translocations
 + Level 0.0 Transmutations
 + Level 0.0 Fire Magic
 + Level 0.0 Ice Magic
 + Level 0.0 Air Magic
 + Level 0.0 Earth Magic
 + Level 0.0 Poison Magic
 + Level 0.0 Invocations
 + Level 4.4 Evocations


You couldn't memorise any spells.
You didn't know any spells.

Dungeon Overview and Level Annotations

Branches:
Dungeon (1/15)

Altars:


Innate Abilities, Weirdness & Mutations

Your experience applies equally to all skills.
You have very sharp teeth.
Your uncanny sense of smell can sniff out nearby items.


Message History

Welcome, mhoghedin the Gnoll Wanderer.
Will you be the one to retrieve the fabulous Orb of Zot from the depths?
Found a staircase leading out of the dungeon.
Unknown command.
Your library has no spells.
Unknown command.
You see here 26 stones.
g - a scroll labeled WEAMYA KALINN
Found a stone staircase leading down.
Found a stone staircase leading down.
There is a stone staircase leading down here.
You found a teleport trap!
Unknown command.
Found an escape hatch in the floor.
A hobgoblin comes into view.
The hobgoblin shouts!
You hit the hobgoblin but do no damage. The hobgoblin barely misses you.
You hit the hobgoblin. Your bite misses the hobgoblin. The hobgoblin hits you.
You take 2 damage, and have 21/23 hp.
You hit the hobgoblin but do no damage. The hobgoblin hits you.
You take 4 damage, and have 17/23 hp.
You barely miss the hobgoblin. The hobgoblin closely misses you.
You hit the hobgoblin. Your bite misses the hobgoblin. The hobgoblin hits you.
You take 2 damage, and have 15/23 hp.
You hit the hobgoblin but do no damage. Your bite misses the hobgoblin.
The hobgoblin closely misses you.
You hit the hobgoblin but do no damage.
You bite the hobgoblin, but do no damage.
The hobgoblin closely misses you.
You hit the hobgoblin.
You kill the hobgoblin!
You are now empty-handed.
You drop a +0 dagger.
f - 2 rations (gained 1)
You now have 6 gold pieces.
e - a scroll labeled FEANYRAO RACRA
h - a bubbling inky potion A gnoll comes into view.
It is wielding a spear.
You see here 19 stones.
The gnoll shouts!
The gnoll hits you with a spear!
You take 7 damage, and have 11/23 hp.
MASSIVE DAMAGE!!
You hit the gnoll. The gnoll hits you with a spear!
* * * LOW HITPOINT WARNING * * *
You take 9 damage, and have 2/23 hp.
MASSIVE DAMAGE!!
You barely miss the gnoll. The gnoll barely misses you.
You barely miss the gnoll. You hit the gnoll. Your bite misses the gnoll.
The gnoll closely misses you.
You hit the gnoll. The gnoll hits you with a spear!
You die...

##.#.######≈
..###...###≈)≈#......
##..####.##...#[....###.
######..###.§§#.........
###########.≈≈#........
.)..........§§§......###
###........###.........#
#.....##...#...g......
#....#####.#..@.......
##......##.#..........
##..........(..........
#......................
#..........#...........
#.............#........
#............##........
#......................
##...................


You could see a gnoll.

Vanquished Creatures
  A hobgoblin (D:1)
1 creature vanquished.

Notes
Turn   | Place    | Note
-------+----------+-------------------------------------------
     0 | D:1      | mhoghedin the Gnoll Wanderer began the quest for the Orb.
     0 | D:1      | mhoghedin set off with: a scroll of fear, a scroll of blinking {!r}, 2 scrolls of teleportation, a +0 robe, a +0 dagger, a ration
     0 | D:1      | Reached XP level 1. HP: 23/23 MP: 3/3
   181 | D:1      | HP: 2/23 [gnoll/spear (9)]
   185 | D:1      | Mangled by a gnoll

Vault maps used:
D:1:      dpeg_arrival_brainrot, minmay_vboxes

Action                   || total
-------------------------++-------
Melee: Dagger            ||     8
       Unarmed           ||     5
       Bite              ||     1
Dodge: Dodged            ||     6

Table legend:
 A = Spawn XP
 B = Non-spawn XP
 C = Spawn XP percentage of total XP
 D = Spawn monster count
 E = Non-spawn monster count
 F = Spawn count percentage of total count
 G = Total turns spent on level
                    A         B        C        D         E        F      G
               +---------+---------+-------+---------+---------+-------+---------
         Total |       0 |       2 |   0.0 |       0 |       1 |   0.0 |   185
               +---------+---------+-------+---------+---------+-------+---------
           D:1 |       0 |       2 |   0.0 |       0 |       1 |   0.0 |   185
               +---------+---------+-------+---------+---------+-------+---------

Vault maps used:
D:1:      dpeg_arrival_brainrot, minmay_vboxes

Table legend:
 A = Turns spent in this place as a percentage of turns spent in the entire game.
 B = Non-inter-level travel turns spent in this place as a percentage of non-inter-level travel turns spent in the entire game.
 C = Inter-level travel turns spent in this place as a percentage of turns spent in this place.
 D = Turns resting spent in this place as a percentage of non-inter-level travel turns spent in this place.
 E = Turns spent auto-exploring this place as a percentage of non-inter-level travel turns spent in this place.
 F = Non-inter-level travel turns spent in this place divided by the number of levels of this place that you've seen.
                   A       B       C       D       E      F
               +-------+-------+-------+-------+-------+----------------------
         Total | 100.0 | 100.0 |   0.0 |   0.0 |  86.5 | 185.0
       Dungeon | 100.0 | 100.0 |   0.0 |   0.0 |  86.5 | 185.0
               +-------+-------+-------+-------+-------+----------------------

Table legend:
 A = Kills in this place as a percentage of kills in entire the game.
 B = Kills by you in this place as a percentage of kills by you in the entire game.
 C = Kills by friends in this place as a percentage of kills by friends in the entire game.
 D = Other kills in this place as a percentage of other kills in the entire game.
 E = Experience gained in this place as a percentage of experience gained in the entire game.
 F = Experience gained in this place divided by the number of levels of this place that you have seen.
                   A       B       C       D       E      F
               +-------+-------+-------+-------+-------+----------------------
         Total | 100.0 | 100.0 |   N/A |   N/A | 100.0 |   2.0
       Dungeon | 100.0 | 100.0 |   N/A |   N/A | 100.0 |   2.0
               +-------+-------+-------+-------+-------+----------------------
